 Dungeon Crawl Stone Soup version 0.22-a0-480-g991dd4b (webtiles) character file.

7600 Gorice the Martial Artist (level 10, -4/63 HPs)
             Began as a Demonspawn Wanderer on June 16, 2018.
             Was a High Priest of Okawaru.
             Slain by a yak (10 damage)
             ... on level 8 of the Dungeon.
             The game lasted 00:35:57 (11770 turns).

Gorice the Martial Artist (Demonspawn Wanderer)    Turns: 11770, Time: 00:35:57

Health: -4/63      AC: 17    Str: 14    XL:     10   Next: 97%
Magic:  16/16      EV: 11    Int: 14    God:    Okawaru [*****.]
Gold:   415        SH:  0    Dex: 14    Spells: 16/17 levels left

rFire    . . .     SeeInvis .     - Unarmed
rCold    . . .     Gourm    .   (no shield)
rNeg     . . .     Faith    .   l - +0 plate armour
rPois    .         Spirit   .   (helmet restricted)
rElec    .         Reflect  .   z - +2 cloak
rCorr    .         Harm     .   (no gloves)
MR       .....                  (no boots)
Stlth    ..........             (no amulet)
HPRegen  0.20/turn              A - +5 ring of evasion
MPRegen  0.15/turn              k - +1 ring of evasion

@: no status effects
A: antennae 1, claws 2, talons 1, rot immunity
a: Heroism, Finesse, Renounce Religion


You were on level 8 of the Dungeon.
You worshipped Okawaru.
Okawaru was extremely pleased with you.
You were hungry.

You visited 3 branches of the dungeon, and saw 10 of its levels.

You collected 415 gold pieces.

Inventory:

Hand Weapons
 b - a +0 hunting sling
 d - a +2 dagger
 v - a +0 dagger of venom
   (You took it off an orc wizard on level 3 of the Dungeon)
Missiles
 s - 3 tomahawks (quivered)
 u - 9 sling bullets
 Y - 188 stones
Armour
 e - a +0 robe
 i - a +0 ring mail
 j - a scarf of repulsion
   (You found it on level 2 of the Dungeon)
 l - a +0 plate armour (worn)
 z - a +2 cloak (worn)
 H - a +2 shield
Magical Staves
 o - an uncursed staff of conjuration
Jewellery
 k - a +1 ring of evasion (right claw)
 x - a +3 ring of intelligence
 A - a +5 ring of evasion (left claw)
Wands
 c - a wand of flame (2)
 D - a wand of iceblast (8)
Scrolls
 g - a scroll of teleportation {!r}
 h - 4 scrolls of remove curse
 r - 2 scrolls of fear {!r}
 t - 2 scrolls of magic mapping {!r}
 y - 2 scrolls of enchant armour
 B - a scroll of immolation {!r}
 F - a scroll of fog
 G - 3 scrolls of identify
Potions
 a - a potion of curing
 n - a potion of berserk rage
 p - a potion of flight
 q - a potion of might {!q}
 w - 2 potions of mutation {!q}
 C - a potion of haste {!q}
 E - 2 potions of brilliance {!q}
Comestibles
 f - 19 rations


   Skills:
 - Level 1.0 Throwing
 + Level 8.8 Armour
 - Level 1.0 Stealth
 * Level 12.3 Unarmed Combat
 - Level 4.0 Spellcasting
 - Level 0.7 Conjurations
   Level 1.0 Translocations
 - Level 1.1 Fire Magic
   Level 3.0 Poison Magic


You had 16 spell levels left.
You knew the following spells:

 Your Spells              Type           Power        Failure   Level  Hunger
a - Flame Tongue          Conj/Fire      #....        100%        1    None

Your spell library contained the following spells:

 Spells                   Type           Power        Failure   Level  Hunger
 Summon Small Mammal      Summ           #...         100%        1    None
 Summon Ice Beast         Ice/Summ       #.......     100%        4    ####...
 Call Imp                 Summ           #.......     100%        2    ##.....
 Sting                    Conj/Pois      #...         99%         1    None
 Ignite Poison            Fire/Tmut/Pois #.......     100%        3    ###....
 Call Canine Familiar     Summ           #.......     100%        3    ###....
 Summon Lightning Spire   Summ/Air       #.......     100%        4    ####...
 Summon Guardian Golem    Hex/Summ       #.......     100%        3    ###....


Dungeon Overview and Level Annotations

Branches:
Dungeon (8/15)             Temple (1/1) D:6            Lair (1/6) D:8

Altars:
Ashenzari
Cheibriados
Dithmenos
Elyvilon
Fedhas
Gozag
Hepliaklqana
Kikubaaqudgha
Makhleb
Nemelex Xobeh
Okawaru
Qazlal
Ru
Sif Muna
Trog
Uskayaw
Vehumet
Wu Jian
Xom
Yredelemnul
Zin
The Shining One

Shops:
D:7 [

Annotations:
D:3 Sigmund


Innate Abilities, Weirdness & Mutations

You have a pair of small antennae on your head.
You have very sharp fingernails.
You have sharp toenails.
You are immune to rotting.


Message History

You scratch the yak but do no damage.
The yak is lightly wounded.
The yak gores you.
* * * LOW HITPOINT WARNING * * *
Damage: 6 (max 9)
You claw the yak!
The yak is heavily wounded.
You scratch the yak but do no damage. You scratch the yak but do no damage.
You claw the yak, but do no damage.
The yak gores the plant but does no damage.
The yak gores you.
* * * LOW HITPOINT WARNING * * *
Damage: 5 (max 9)
You claw the yak! Your kick misses the yak.
The yak is moderately wounded.
The yak gores the plant but does no damage.
You claw the yak! You claw the yak, but do no damage.
The yak is severely wounded.
The yak gores you but does no damage.
The yak gores the plant!
You scratch the yak. You claw the yak, but do no damage.
The yak is severely wounded.
The yak gores you.
* * * LOW HITPOINT WARNING * * *
Damage: 2 (max 9)
You scratch the yak but do no damage. You claw the yak.
The yak is severely wounded.
The yak gores the plant!
The plant is destroyed!
The yak completely misses you.
Your plate armour prevents you from hitting the yak.
You claw the yak, but do no damage.
The yak is severely wounded.
The yak gores you.
* * * LOW HITPOINT WARNING * * *
Damage: 4 (max 9)
You scratch the yak.
The yak is almost dead.
Your plate armour prevents you from hitting the yak.
You claw the yak, but do no damage.
The yak is almost dead.
The yak gores you!
* * * LOW HITPOINT WARNING * * *
The yak gores you.
* * * LOW HITPOINT WARNING * * *
Damage: 12 (max 12)
The yak gores the plant.
You closely miss the yak. You claw the yak.
The yak is almost dead.
The yak gores you!
You die...

#..#...P..PPP..P##.#..........
#.....P....P.P.P...#.........#
#....PP...P.PPP....#..........
#...PPPP.P.P..PP...#..........
#...PPP...P..P.....#..........
#.P.PP.PP..P...P...#.........#
#...PPP.P>.P.PPPP..#######....
#..PPP.P.†.PPPP..P.# #.##.
#.P..PP.P...P@.P...# #.##.
#...P.PP.P.PYPPP...# #..##
#......P...YPPP....# ###....
##.P..P.PPPPPP....## ###.....<
#..P..PP..PP..P..####...#....
##..P...PPP..P..##........##.
#...P.................######
##....P..P.......###### #
#...P.........###


You could see 2 yaks.

Vanquished Creatures
  A two-headed ogre (D:8)
  A spiny frog (D:8)
  The ghost of Amnesiac the Prestidigitator, an amateur SpAr of Gozag (D:7)
  4 hogs (D:7)
  9 yaks
  A human (D:7)
  A porcupine (D:7)
  A water moccasin (D:7)
  3 sky beasts
  3 ice beasts
  An orc warrior (D:7)
  A necrophage (D:8)
  A black bear (D:7)
  2 wolves (D:8)
  4 ogres
  4 centaurs
  A crocodile (D:8)
  Blork the orc (D:4)
  A gnoll sergeant (D:7)
  7 bullfrogs
  5 scorpions
  6 killer bees (D:8)
  9 wights
  4 howler monkeys
  4 crimson imps
  4 hounds
  A jelly (D:8)
  7 orc wizards
  An orc priest (D:4)
  4 bullfrog skeletons
  A centaur skeleton (D:6)
  5 worker ants
  2 hound skeletons
  A worker ant zombie (D:6)
  Robin (D:3)
  3 gnolls (D:7)
  9 adders
  4 shadow imps
  2 oozes
  An adder skeleton (D:7)
  3 worms
  2 dart slugs
  4 leopard geckos
  25 orcs
  4 giant cockroaches
  14 goblins
  7 hobgoblins
  2 quokkas
  2 ball pythons
  7 bats
  6 frilled lizards
  2 jackal skeletons
  A jackal zombie (D:7)
  4 kobolds
  A leopard gecko skeleton (D:8)
  A leopard gecko zombie (D:6)
  A quokka zombie (D:5)
  7 rats
215 creatures vanquished.

Vanquished Creatures (others)
  9 fungi (D:8)
  2 plants (D:8)
11 creatures vanquished.

Grand Total: 226 creatures vanquished

Notes
Turn   | Place    | Note
-------+----------+-------------------------------------------
     0 | D:1      | Gorice the Demonspawn Wanderer began the quest for the Orb.
     0 | D:1      | Gorice set off with: a +2 dagger, a potion of berserk rage, a +0 robe, a ration
     0 | D:1      | Reached XP level 1. HP: 13/13 MP: 5/5
     2 | D:1      | Learned a level 1 spell: Flame Tongue
    79 | D:1      | HP: 1/13 [dart slug (3)]
    80 | D:1      | Reached skill level 1 in Fire Magic
   379 | D:1      | Gained mutation: You have sharp fingernails. [demonic ancestry]
   379 | D:1      | Reached XP level 2. HP: 19/19 MP: 5/7
   652 | D:1      | Reached skill level 1 in Unarmed Combat
   912 | D:2      | Gained mutation: You have very sharp fingernails. [demonic ancestry]
   912 | D:2      | Reached XP level 3. HP: 24/24 MP: 6/8
  1049 | D:2      | Reached skill level 2 in Unarmed Combat
  1122 | D:2      | HP: 7/24 [worm (2)]
  1429 | D:2      | Found a hazy altar of Hepliaklqana.
  1429 | D:2      | Found a hide-covered altar of Uskayaw.
  1682 | D:2      | Noticed a centaur
  1691 | D:2      | HP: 7/24 [quokka (1)]
  1692 | D:2      | Killed a centaur
  1692 | D:2      | Reached skill level 1 in Armour
  1692 | D:2      | Reached skill level 3 in Unarmed Combat
  1692 | D:2      | Reached XP level 4. HP: 9/30 MP: 10/10
  2097 | D:3      | Reached XP level 5. HP: 22/35 MP: 11/11
  2634 | D:3      | Reached skill level 2 in Armour
  2940 | D:3      | Reached skill level 4 in Unarmed Combat
  3068 | D:3      | Noticed Robin
  3087 | D:3      | Killed Robin
  3457 | D:3      | Reached XP level 6. HP: 41/41 MP: 12/12
  3760 | D:3      | HP: 12/41 [poisoned by an orc wizard]
  3765 | D:3      | HP: 8/41 [poisoned by an orc wizard]
  3771 | D:3      | HP: 6/41 [poisoned by an orc wizard]
  3776 | D:3      | HP: 5/41 [poisoned by an orc wizard]
  3784 | D:3      | HP: 4/41 [poisoned by an orc wizard]
  4127 | D:3      | Noticed Sigmund
  4657 | D:4      | Noticed Blork the orc
  4676 | D:4      | Killed Blork the orc
  5226 | D:4      | Reached skill level 5 in Unarmed Combat
  5276 | D:4      | Reached skill level 3 in Armour
  5300 | D:4      | Gained mutation: You are immune to rotting. [demonic ancestry]
  5300 | D:4      | Reached XP level 7. HP: 25/46 MP: 13/13
  5532 | D:4      | HP: 13/46 [orc priest/divine providence (13)]
  6090 | D:5      | Entered Level 5 of the Dungeon
  6102 | D:5      | Reached skill level 6 in Unarmed Combat
  6349 | D:5      | Reached skill level 4 in Armour
  6695 | D:6      | Gained mutation: You have a pair of small antennae on your head. [demonic ancestry]
  6695 | D:6      | Reached XP level 8. HP: 52/52 MP: 14/14
  6810 | D:6      | Reached skill level 7 in Unarmed Combat
  6910 | D:6      | HP: 10/52 [centaur (6)]
  7291 | D:6      | Found a staircase to the Ecumenical Temple.
  7296 | Temple   | Entered the Ecumenical Temple
  7519 | Temple   | Became a worshipper of Warmaster Okawaru
  7592 | D:6      | Reached skill level 5 in Armour
  7675 | D:5      | Reached skill level 8 in Unarmed Combat
  7690 | D:5      | Reached * piety under Okawaru
  7955 | D:6      | Gained mutation: You have sharp toenails. [demonic ancestry]
  7955 | D:6      | Reached XP level 9. HP: 42/57 MP: 15/15
  7998 | D:5      | Reached ** piety under Okawaru
  7998 | D:5      | Reached skill level 6 in Armour
  7998 | D:5      | Reached skill level 9 in Unarmed Combat
  8618 | D:6      | Found an opulent altar of Gozag.
  8918 | D:7      | Reached skill level 10 in Unarmed Combat
  9139 | D:7      | Noticed Amnesiac's ghost (amateur SpAr)
  9151 | D:7      | Killed Amnesiac's ghost
  9151 | D:7      | Reached *** piety under Okawaru
  9264 | D:7      | Reached skill level 7 in Armour
  9374 | D:7      | Reached XP level 10. HP: 61/63 MP: 16/16
  9820 | D:7      | Found Geocolib's Armour Shop.
  9912 | D:7      | Reached skill level 11 in Unarmed Combat
 10042 | D:8      | Noticed a two-headed ogre
 10047 | D:8      | Killed a two-headed ogre
 10047 | D:8      | Reached **** piety under Okawaru
 10093 | D:8      | Reached skill level 8 in Armour
 10340 | D:7      | HP: 16/63 [porcupine's spines (10)]
 10342 | D:7      | HP: 7/63 [porcupine's spines (8)]
 10349 | D:7      | HP: 18/63 [porcupine (1)]
 10676 | D:8      | Found a staircase to the Lair.
 10711 | D:8      | Found a shadowy altar of Dithmenos.
 10839 | D:8      | Reached skill level 12 in Unarmed Combat
 10850 | D:8      | HP: 28/94 [killer bee (5)]
 10855 | D:8      | HP: 26/94 [poisoned by a killer bee]
 10861 | D:8      | HP: 25/94 [poisoned by a killer bee]
 10869 | D:8      | HP: 25/94 [poisoned by a killer bee]
 10877 | D:8      | HP: 25/94 [poisoned by a killer bee]
 11152 | D:8      | Found a burning altar of Makhleb.
 11599 | Lair:1   | Entered Level 1 of the Lair of Beasts
 11599 | Lair:1   | Noticed a spiny frog
 11608 | D:8      | Killed a spiny frog
 11608 | D:8      | Reached ***** piety under Okawaru
 11766 | D:8      | HP: 17/63 [yak (4)]
 11768 | D:8      | HP: 8/63 [yak (9)]
 11770 | D:8      | Slain by a yak

Vault maps used:
D:1:      eino_arrival_water_cross
D:2:      chequers_temple_overflow_statue_of_worship, roderic_roman_lattice,
          grunt_ministairs_3
D:3:      uniq_robin, uniq_sigmund
D:4:      uniq_blork_the_orc
D:5:      first_ration
D:6:      kennysheep_mini, minmay_temple_entry_glassed_door
D:7:      serial_shops, nicolae_shop_stone, grunt_livestock
D:8:      nicolae_overflow_hidden_temple, due_lair_maze_entry_diamond,
          makhleb_blood_cavern_becter
Temple:   dpeg_five_rooms_temple

Skill      XL: |  1  2  3  4  5  6  7  8  9 10 |
---------------+-------------------------------+-----
Fire Magic     | 1 |  1.1
Unarmed Combat | 1 3 4 5 6 8 10 12 | 12.3
Armour         | 1 2 3 4 5 7 8 |  8.8
Throwing       | |  1.0
Stealth        | |  1.0
Spellcasting   | |  4.0
Conjurations   | |  0.7
Translocations | |  1.0
Poison Magic   | |  3.0

Action                   |  1- 3 |  4- 6 |  7- 9 | 10-12 || total
-------------------------+-------+-------+-------+-------++-------
Melee: Dagger            |    56 |       |       |       ||    56
       Unarmed           |    66 |   273 |   346 |   261 ||   946
       Punch             |       |     3 |     6 |     8 ||    17
       Kick              |       |       |    34 |    65 ||    99
 Fire: Hunting sling     |       |    19 |    33 |    12 ||    64
Throw: Stone             |       |     3 |       |       ||     3
       Tomahawk          |       |       |    14 |     5 ||    19
 Cast: Flame Tongue      |    16 |       |       |       ||    16
Invok: Heroism           |       |       |       |     4 ||     4
Evoke: Wand              |       |     4 |     2 |     5 ||    11
  Use: Scroll            |     3 |     6 |     7 |     1 ||    17
       Potion            |       |       |       |     3 ||     3
 Stab: Sleeping          |     1 |       |       |       ||     1
  Eat: Chunk             |     2 |    12 |    13 |     7 ||    34
Armor: Robe              |     2 |       |       |       ||     2
       Ring mail         |    38 |       |       |       ||    38
       Plate armour      |    32 |   173 |   151 |   138 ||   494
       Skin              |       |       |       |     9 ||     9
Dodge: Dodged            |    48 |    23 |   114 |   126 ||   311
       Deflected         |     4 |     4 |       |       ||     8

Table legend:
 A = Spawn XP
 B = Non-spawn XP
 C = Spawn XP percentage of total XP
 D = Spawn monster count
 E = Non-spawn monster count
 F = Spawn count percentage of total count
 G = Total turns spent on level
                    A         B        C        D         E        F      G
               +---------+---------+-------+---------+---------+-------+---------
         Total |       0 |   10858 |   0.0 |       0 |     215 |   0.0 | 11770
               +---------+---------+-------+---------+---------+-------+---------
           D:1 |       0 |      27 |   0.0 |       0 |      16 |   0.0 |   972
           D:2 |       0 |     162 |   0.0 |       0 |      21 |   0.0 |  1308
           D:3 |       0 |     277 |   0.0 |       0 |      43 |   0.0 |  2619
           D:4 |       0 |     518 |   0.0 |       0 |      11 |   0.0 |  1191
           D:5 |       0 |    1185 |   0.0 |       0 |      14 |   0.0 |  1209
           D:6 |       0 |    1740 |   0.0 |       0 |      29 |   0.0 |  1231
           D:7 |       0 |    3371 |   0.0 |       0 |      42 |   0.0 |  1715
           D:8 |       0 |    3578 |   0.0 |       0 |      39 |   0.0 |  1264
               +---------+---------+-------+---------+---------+-------+---------

Table legend:
 A = Turns spent in this place as a percentage of turns spent in the entire game.
 B = Non-inter-level travel turns spent in this place as a percentage of non-inter-level travel turns spent in the entire game.
 C = Inter-level travel turns spent in this place as a percentage of turns spent in this place.
 D = Turns resting spent in this place as a percentage of non-inter-level travel turns spent in this place.
 E = Turns spent auto-exploring this place as a percentage of non-inter-level travel turns spent in this place.
 F = Non-inter-level travel turns spent in this place divided by the number of levels of this place that you've seen.
                   A       B       C       D       E      F
               +-------+-------+-------+-------+-------+----------------------
         Total | 100.0 | 100.0 |   3.5 |  41.3 |  30.2 | 1135.9
       Dungeon |  97.8 |  98.2 |   3.1 |  42.1 |  29.0 | 1394.5
        Temple |   2.2 |   1.7 |  22.7 |   0.0 |  98.5 | 197.0
          Lair |   0.1 |   0.1 |   0.0 |   0.0 |   0.0 |   6.0
               +-------+-------+-------+-------+-------+----------------------

Vault maps used:
D:1:      eino_arrival_water_cross
D:2:      chequers_temple_overflow_statue_of_worship, roderic_roman_lattice,
          grunt_ministairs_3
D:3:      uniq_robin, uniq_sigmund
D:4:      uniq_blork_the_orc
D:5:      first_ration
D:6:      kennysheep_mini, minmay_temple_entry_glassed_door
D:7:      serial_shops, nicolae_shop_stone, grunt_livestock
D:8:      nicolae_overflow_hidden_temple, due_lair_maze_entry_diamond,
          makhleb_blood_cavern_becter
Temple:   dpeg_five_rooms_temple
